Map: Bridgehead LE (Void)

Players

vonster - Winner!

  • Race: Protoss Protoss
  • League: Silver

wabbajack

  • Race: Zerg Zerg
  • League: Gold

VOD

Have the link to the VOD?

Description

Time

  • Played on: July 20, 2015, 8:24 a.m.
  • Length: 2:52
Show
View Real Time Build Order
Export as new Build Order

vonster Protoss - Winner!

Build Orders: Nexus First 

Get SALT Encoding   

  12  0:02  Probe  
  14  0:14  Probe  
  14  0:30  Pylon  
  14  0:52  Nexus  
  14  0:55  Probe (Chrono Boost)  
  15  1:06  Probe (Chrono Boost)  
  16  1:14  Probe (Chrono Boost)  
  16  1:17  Gateway  
  17  1:21  Probe (Chrono Boost)  
  18  1:27  Assimilator  
  18  1:30  Probe (Chrono Boost)  
  19  1:39  Pylon  
  19  1:43  Probe (Chrono Boost)  
  20  1:52  Probe (Chrono Boost)  
  21  1:55  Gateway  
  21  2:00  Probe  
  22  2:05  Probe, Zealot  
  25  2:12  Probe  
  26  2:19  Assimilator  
  27  2:23  Probe (Chrono Boost)  
  27  2:27  Probe (Chrono Boost)  
  28  2:36  Probe (Chrono Boost)  
  31  2:39  Probe (Chrono Boost)  
  32  2:46  Cybernetics Core  
Show
View Real Time Build Order
Export as new Build Order

wabbajack Zerg 

Build Orders: Hatch First 

Get SALT Encoding   

  12  0:01  Drone  
  13  0:13  Overlord  
  13  0:19  Drone  
  14  0:23  Extractor  
  14  0:24  Drone  
  15  0:34  Drone  
  16  0:38  Drone  
  17  0:54  Hatchery  
  16  1:00  Extractor  
  16  1:01  Extractor  
  14  1:09  Drone x2  
  14  1:10  Drone  
  17  1:22  Spawning Pool  
  16  1:28  Drone  
  16  1:31  Drone  
  18  1:46  Drone  
  19  1:53  Overlord  
  19  2:11  Queen  
Tags
 
Add a new tag
Caveats
  • Supply blocks, unpowered buildings, or Contaminate may cause inaccurate times.
  • Supply counts are checked every 10 seconds.